 Dungeon Crawl Stone Soup version 0.30-a0-726-gd89dcf765f (webtiles) character file.

Game seed: 13376021332323790667

55822 jimonade the Crack Shot (level 14, -11/78 HPs)
             Began as a Deep Elf Hunter on Jan 30, 2023.
             Was a High Priest of Hepliaklqana.
             Mangled by a +4 long sword (18 damage)
             ... on level 14 of the Dungeon.
             The game lasted 00:58:38 (18037 turns).

jimonade the Crack Shot (Deep Elf Hunter)          Turns: 18037, Time: 00:58:39

Health: -11/78     AC: 11    Str:  8    XL:     14   Next: 39%
Magic:  0/31       EV: 15    Int: 16    God:    Hepliaklqana [*****.]
Gold:   1209       SH:  0    Dex: 22    Spells: 30/36 levels left

rFire   . . .      SeeInvis .    R - +1 arbalest (flame)
rCold   . . .      Faith    .    (shield currently unavailable)
rNeg    . . .      Spirit   +    s - +2 troll leather armour {Snorg}
rPois   +          Reflect  .    x - +1 helmet
rElec   .          Harm     .    (no cloak)
rCorr   .          Rampage  .    G - +0 pair of gloves
Will    +....                    l - +0 pair of boots
Stlth   +++                      J - amulet of guardian spirit
HPRegen 1.13/turn                U - +4 ring of slaying
MPRegen 0.22/turn                D - ring of poison resistance

@: about to teleport
A: reduced essence
a: Renounce Religion, Recall Ancestor, Ancestor Identity, Transference, Idealise


You were on level 14 of the Dungeon.
You worshipped Hepliaklqana.
Hepliaklqana was extremely pleased with you.
You visited 3 branches of the dungeon, and saw 20 of its levels.
You also visited: Ossuary.

You collected 1209 gold pieces.

Inventory:

Hand Weapons
 a - a +1 longbow
 R - a +1 arbalest of flaming (weapon)
Missiles
 n - 3 throwing nets
 q - 42 poisoned darts
Armour
 c - a +0 ring mail of fire resistance
 l - a +0 pair of boots (worn)
 s - a +2 troll leather armour (worn) {Snorg}
 x - a +1 helmet (worn)
 G - a +0 pair of gloves (worn)
 P - a scarf of shadows
 Y - +0 acid dragon scales
Jewellery
 d - an amulet of the acrobat
 e - a ring of positive energy
 u - a ring of ice
 y - a ring of resist corrosion
 D - a ring of poison resistance (right hand)
 E - an amulet of magic regeneration
 J - an amulet of guardian spirit (around neck)
 L - a ring of wizardry
 M - a ring of fire
 N - a ring of flight
 U - a +4 ring of slaying (left hand)
Wands
 i - a wand of flame (19)
 w - a wand of quicksilver (4)
 B - a wand of mindburst (17)
 H - a wand of iceblast (3)
 V - a wand of polymorph (12)
 X - a wand of paralysis (3)
Scrolls
 f - 3 scrolls of fog
 g - 14 scrolls of teleportation
 m - 3 scrolls of amnesia
 o - 8 scrolls of identify
 r - 3 scrolls of enchant weapon
 z - 6 scrolls of enchant armour
 F - 3 scrolls of poison
 K - 5 scrolls of fear
 O - a scroll of silence
 S - 2 scrolls of blinking
 Z - 2 scrolls of magic mapping
Potions
 b - a potion of ambrosia {unknown}
 h - 3 potions of haste
 j - 5 potions of heal wounds
 k - 5 potions of berserk rage
 p - 3 potions of might
 t - 3 potions of flight
 v - 5 potions of invisibility
 A - 2 potions of magic
 C - 4 potions of lignification
 I - 4 potions of curing
 Q - 2 potions of cancellation
 T - 4 potions of brilliance
Miscellaneous
 W - a lightning rod (4/4)


   Skills:
 + Level 9.8 Fighting
 - Level 22.0 Ranged Weapons
 - Level 3.7 Armour
 + Level 5.7 Dodging
 - Level 5.1 Stealth
 - Level 11.5 Spellcasting
 * Level 4.2 Conjurations
 - Level 6.5 Hexes
 * Level 8.2 Summonings
 * Level 2.4 Air Magic


You had 30 spell levels left.
You knew the following spells:

 Your Spells              Type           Power      Damage    Failure   Level
a - Summon Guardian Gole  Hex/Summ       32%        N/A       1%          3
b - Call Canine Familiar  Summ           35%        N/A       1%          3

Your spell library contained the following spells:

 Spells                   Type           Power      Damage    Failure   Level
 Summon Small Mammal      Summ           100%       N/A       1%          1
 Shock                    Conj/Air       80%        1d8       2%          1
 Apportation              Tloc           18%        N/A       11%         1
 Necrotise                Necr           36%        1d5       11%         1
 Swiftness                Air            17%        N/A       12%         3
 Blink                    Tloc           18%        N/A       17%         2
 Airstrike                Air            8%         2d(2-18)  36%         4
 Manifold Assault         Tloc           9%         N/A       73%         4
 Freezing Cloud           Conj/Ice/Air   8%         6-21      77%         5
 Simulacrum               Ice/Necr       4%         N/A       100%        6
 Orb of Destruction       Conj           11%        9d6       100%        7
 Spellforged Servitor     Conj/Summ      14%        N/A       100%        7
 Storm Form               Tmut/Air       6%         N/A       100%        7
 Polar Vortex             Ice            4%         N/A       100%        9


Dungeon Overview and Level Annotations

Branches:
Dungeon (15/15)            Temple (1/1) D:4            Lair (5/5) D:10
  Swamp (0/4) Lair:2        Snake (0/4) Lair:3        Slime (0/5) Lair:4
    Orc (0/2) D:12        Ossuary (visited)
 Vaults: D:13-14     Depths: D:15

Altars:
Ashenzari
Cheibriados
Dithmenos
Elyvilon
Fedhas
Gozag
Hepliaklqana
Kikubaaqudgha
Makhleb
Nemelex Xobeh
Okawaru
Qazlal
Ru
Sif Muna
Trog
Uskayaw
Vehumet
Wu Jian
Xom
Yredelemnul
Zin
The Shining One
Jiyva

Shops:
D:6 *

Annotations:
Lair:2 3 runed translucent doors, Darkkill's ghost, journeyman MiHu
Lair:4 6 runed translucent doors


Message History

The bolt barely misses the +8 long sword.
Your hound completely misses the +8 long sword.
Numeria hits the manticore with a +0 quarterstaff!
The +8 long sword misses you.
The manticore bites your guardian golem!
Your guardian golem disappears in a puff of smoke!
Your guardian golem explodes!
The fiery explosion engulfs the manticore!!
The fiery explosion engulfs Numeria!!
Numeria resists.
Your hound bites the +8 long sword but does no damage.
The +8 long sword hits your hound!
Numeria gestures at the +8 long sword while chanting.
You hear a sizzling sound!
You feel much better. The +4 long sword hits you!
Your hound misses the +8 long sword.
The manticore is engulfed in blazing flames.
The manticore flicks its tail.
The volley of spikes hits you but does no damage.
The +8 long sword hits your hound!
Your hound dies!
Your hound's corpse disappears in a puff of smoke!
The +4 long sword hits you!
* * * LOW HITPOINT WARNING * * *
The manticore is engulfed in blazing flames.
The manticore flicks its tail.
The volley of spikes hits Numeria!
Numeria is destroyed!
The +8 long sword hits you.
* * * LOW HITPOINT WARNING * * *
You feel much better. The +4 long sword hits you! The +8 long sword hits you!
* * * LOW HITPOINT WARNING * * *
The manticore is engulfed in blazing flames.
The manticore dies!
The +4 long sword hits you but does no damage.
As you read the scroll of teleportation, it crumbles to dust.
You feel strangely unstable. The +8 long sword hits you!
* * * LOW HITPOINT WARNING * * *
The +4 long sword hits you!!
You die...

#....##....##.######..###h#...#
.#.##.R#.##..>.# #..###R#...#
.##.#..##.#.....# #....#...###
#...............# ##......##
#.###...........# ###...#.##
#...........###...#.#.#
##...........#..#.#...#
..#..................#
###..^......@.........#
....§§§.((#)#......#
.....§..#####.....# ...§§....
......# ........## #......
.....)... .....# ......... ..#
##.#..... ..###....


You could see 2 dancing weapons.

Vanquished Creatures
  Snorg (Lair:3)
  3 hydras
  2 centaur warriors
  A boulder beetle (D:11)
  4 two-headed ogres
  2 bog bodies (Lair:2)
  Pikel (D:7)
  A deep elf pyromancer (D:15)
  An oklob plant (Lair:4)
  2 ugly things (D:15)
  A cyclops (D:15)
  6 elephants
  Joseph (D:8)
  4 centaur zombies (D:10)
  2 black mambas
  A demonic crawler (Lair:5)
  3 komodo dragons
  2 rime drakes
  A torpor snail (Lair:2)
  2 unseen horror zombies (D:10)
  Psyche (D:8)
  6 cane toads
  A kobold demonologist (D:11)
  An unseen horror (D:11)
  2 yaktaurs
  A meliai (D:14)
  A tarantella (Lair:4)
  4 trolls
  2 hornets
  16 blink frogs
  2 jumping spiders (Lair:4)
  A centaur simulacrum (D:12)
  2 wyverns
  24 yaks
  A vampire (D:12)
  2 basilisks (Lair:5)
  7 vampire mosquitoes
  Menkaure (D:7)
  2 nagas (Lair:3)
  6 swamp worms
  An acid dragon (D:8)
  9 water moccasins
  5 orc warriors
  2 ice beasts
  A sky beast (D:8)
  A black bear (Lair:3)
  An ogre (D:5)
  24 wolves
  5 centaurs
  2 lemures (D:7)
  A phantom (D:5)
  4 kobold brigands
  7 bullfrogs
  A necrophage (D:4)
  9 scorpions
  3 wights (D:7)
  2 howler monkeys (D:8)
  3 electric eels
  2 human zombies (Ossuary)
  A gnoll bouda (D:8)
  3 hounds
  7 orc priests
  Jessica (D:2)
  3 iguanas
  2 scorpion zombies (Ossuary)
  6 orc wizards
  4 mummies
  A howler monkey zombie (D:10)
  13 gnolls
  7 adders
  2 white imps
  2 worms
  A dart slug (D:2)
  26 orcs
  3 ball pythons (D:3)
  8 endoplasms
  4 giant cockroaches
  5 gnoll zombies (Ossuary)
  3 goblins
  6 hobgoblins
  11 jackals
  4 quokkas
  4 bats
  A frilled lizard (D:3)
  A goblin zombie (Ossuary)
  2 hobgoblin zombies (Ossuary)
  16 kobolds
  4 kobold zombies (Ossuary)
  An orc zombie (Ossuary)
  A rat (D:4)
360 creatures vanquished.

Vanquished Creatures (collateral kills)
  2 two-headed ogres (D:11)
  3 boulder beetles
  A lindwurm (Lair:3)
  An ugly thing (D:15)
  A deep elf pyromancer (D:15)
  A manticore (D:14)
  An elephant (Lair:2)
  A torpor snail (Lair:5)
  2 cane toads
  An efreet (D:15)
  An unseen horror (D:12)
  4 komodo dragons
  A yaktaur (D:15)
  A troll (D:9)
  A hornet (D:9)
  6 blink frogs
  A meliai zombie (D:10)
  2 jumping spiders (Lair:4)
  A shadow (D:9)
  A wyvern (Lair:4)
  6 yaks
  3 basilisks
  A vampire mosquito (D:14)
  A redback (Lair:4)
  A swamp worm (Lair:2)
  4 water moccasins
  3 orc warriors
  A sky beast (D:8)
  4 centaurs
  9 wolves
  2 kobold brigands
  3 scorpions
  A wight (D:7)
  2 howler monkeys
  An electric eel (Lair:5)
  2 centaur zombies
  An iron imp (D:9)
  2 orc priests
  A gnoll bouda (D:8)
  5 orc wizards
  3 gnolls (D:8)
  A howler monkey zombie (D:10)
  8 orcs
  A hobgoblin zombie (Ossuary)
  10 kobolds
  2 kobold zombies (Ossuary)
  An orc zombie (Ossuary)
  A bush (Lair:5)
113 creatures vanquished.

Vanquished Creatures (others)
  A hydra (Lair:4)
  A tengu warrior (D:11)
  A boulder beetle (Lair:4)
  2 manticores (D:14)
  A yaktaur (D:15)
  2 meliai (D:14)
  2 yaks
  A hog (shapeshifter) (D:15)
  2 wolves (Lair:5)
  14 battlemagi
  3 ancestors
  26 fungi
  68 plants
124 creatures vanquished.

Grand Total: 597 creatures vanquished

Notes
Turn   | Place    | Note
-------+----------+-------------------------------------------
     0 | D:1      | jimonade the Deep Elf Hunter began the quest for the Orb.
     0 | D:1      | Reached XP level 1. HP: 12/12 MP: 3/3
   182 | D:1      | Reached skill level 6 in Ranged Weapons
   182 | D:1      | Reached XP level 2. HP: 16/16 MP: 4/4
  1239 | D:2      | Reached XP level 3. HP: 20/20 MP: 5/5
  1574 | D:2      | Reached skill level 7 in Ranged Weapons
  1786 | D:2      | Noticed Jessica
  1788 | D:2      | Killed Jessica
  1789 | D:2      | Reached XP level 4. HP: 25/25 MP: 6/6
  1995 | D:3      | Found a stormy altar of Qazlal.
  2124 | D:3      | Reached skill level 8 in Ranged Weapons
  2448 | D:3      | Found a broken altar of Ashenzari.
  2484 | D:3      | Found a faded altar of an unknown god.
  2558 | D:3      | Reached XP level 5. HP: 29/29 MP: 7/7
  2953 | D:4      | Reached skill level 9 in Ranged Weapons
  3197 | D:4      | Found a staircase to the Ecumenical Temple.
  3215 | D:4      | Reached XP level 6. HP: 22/33 MP: 8/8
  3501 | D:4      | Reached skill level 10 in Ranged Weapons
  3517 | D:4      | Identified the +2 leather armour "Ymuimmiu" {Str+2}
  3616 | Temple   | Entered the Ecumenical Temple
  3675 | Temple   | Became a worshipper of Hepliaklqana the Forgotten
  3819 | D:4      | Found a white marble altar of Elyvilon.
  4043 | D:5      | Entered Level 5 of the Dungeon
  4275 | D:5      | Reached skill level 11 in Ranged Weapons
  4378 | D:5      | Reached XP level 7. HP: 34/38 MP: 9/9
  4762 | D:6      | Reached skill level 12 in Ranged Weapons
  5156 | D:6      | Reached * piety under Hepliaklqana
  5198 | D:6      | Found Ymeilygh's General Store.
  5254 | D:6      | Reached skill level 13 in Ranged Weapons
  5254 | D:6      | Reached XP level 8. HP: 28/38 MP: 7/10
  5688 | D:6      | Reached skill level 14 in Ranged Weapons
  5688 | D:6      | Reached skill level 1 in Spellcasting
  5871 | D:7      | Noticed Menkaure
  5876 | D:7      | Killed Menkaure
  5927 | D:7      | Noticed Pikel
  5944 | D:7      | Killed Pikel
  5945 | D:7      | Reached skill level 15 in Ranged Weapons
  5945 | D:7      | Reached XP level 9. HP: 25/44 MP: 8/17
  6223 | D:7      | Found a sparkling altar of Nemelex Xobeh.
  6496 | D:7      | Found a shimmering blue altar of Sif Muna.
  6629 | D:7      | Reached skill level 16 in Ranged Weapons
  6820 | D:8      | Found a sand-covered staircase.
  6828 | Ossuary  | Entered an ossuary
  6933 | Ossuary  | Reached ** piety under Hepliaklqana
  6945 | Ossuary  | Reached skill level 5 in Spellcasting
  7061 | Ossuary  | Remembered your ancestor Numeria as a battlemage
  7230 | D:8      | Reached skill level 17 in Ranged Weapons
  7237 | D:8      | Reached XP level 10. HP: 14/50 MP: 6/20
  7547 | D:8      | Noticed Joseph
  7555 | D:8      | Killed Joseph
  7631 | D:8      | Noticed Psyche
  7638 | D:8      | Killed Psyche
  7752 | D:8      | Found a shimmering altar of Xom.
  7874 | D:8      | Found a shadowy altar of Dithmenos.
  8283 | D:9      | Reached skill level 18 in Ranged Weapons
  8329 | D:9      | Found a burning altar of Makhleb.
  8471 | D:9      | Found a radiant altar of Vehumet.
  8475 | D:9      | Found a shimmering altar of Xom.
  8480 | D:9      | Found an ancient bone altar of Kikubaaqudgha.
  8499 | D:9      | Found a snail-covered altar of Cheibriados.
  8721 | D:9      | Identified the +6 long sword of the Head {heavy, rF+ Will+}
  8925 | D:10     | Entered Level 10 of the Dungeon
  8926 | D:10     | Found a staircase to the Lair.
  8949 | D:10     | Reached *** piety under Hepliaklqana
  8982 | D:10     | Noticed a two-headed ogre
  8986 | D:10     | Killed a two-headed ogre
  8987 | D:10     | Reached skill level 19 in Ranged Weapons
  9105 | D:10     | Reached XP level 11. HP: 47/55 MP: 18/23
  9276 | D:10     | Found a basalt altar of Yredelemnul.
  9360 | D:10     | Reached skill level 20 in Ranged Weapons
  9388 | D:10     | Noticed a two-headed ogre
  9395 | D:10     | Killed a two-headed ogre
  9556 | D:10     | Found a bloodstained altar of Trog.
  9720 | Lair:1   | Entered Level 1 of the Lair of Beasts
 10387 | Lair:2   | Reached skill level 21 in Ranged Weapons
 10624 | Lair:2   | Reached skill level 5 in Fighting
 10786 | Lair:2   | Reached XP level 12. HP: 61/61 MP: 26/26
 10826 | Lair:2   | Found a runed translucent gate.
 10826 | Lair:2   | Found a runed translucent gate.
 10829 | Lair:2   | Found a runed translucent gate.
 10830 | Lair:2   | Noticed Darkkill's ghost (journeyman MiHu)
 10936 | Lair:2   | Reached skill level 22 in Ranged Weapons
 11068 | Lair:2   | Identified the +0 war axe of Haunted Guile {drain, Str+2}
 11441 | Lair:2   | Found a staircase to the Swamp.
 11575 | Lair:2   | Reached skill level 1 in Hexes
 11639 | Lair:2   | Reached **** piety under Hepliaklqana
 12106 | Lair:3   | Reached skill level 1 in Summonings
 12111 | Lair:3   | Reached skill level 10 in Spellcasting
 12151 | Lair:3   | Found a staircase to the Snake Pit.
 12204 | Lair:3   | Reached skill level 1 in Armour
 12346 | Lair:3   | Noticed Snorg
 12365 | Lair:3   | Killed Snorg
 12991 | Lair:4   | Learned a level 3 spell: Summon Guardian Golem
 13007 | Lair:4   | Reached XP level 13. HP: 64/70 MP: 23/29
 13115 | Lair:4   | Found a viscous altar of Jiyva.
 13116 | Lair:4   | Found a staircase to the Slime Pits.
 13140 | Lair:4   | Reached skill level 5 in Hexes
 13432 | Lair:4   | Learned a level 3 spell: Call Canine Familiar
 13492 | Lair:4   | Reached ***** piety under Hepliaklqana
 13614 | Lair:4   | Found a runed translucent door.
 14058 | Lair:4   | Identified the +9 whip of Understanding {holy, +Blink Fly
                  | rPois Int-2}
 14061 | Lair:4   | Found a runed translucent gate.
 14061 | Lair:4   | Found a runed translucent gate.
 14061 | Lair:4   | Found a runed translucent gate.
 14061 | Lair:4   | Found a runed translucent gate.
 14061 | Lair:4   | Found a runed translucent gate.
 14061 | Lair:4   | Found a runed translucent gate.
 14206 | Lair:5   | Entered Level 5 of the Lair of Beasts
 15241 | Lair:5   | Reached skill level 5 in Stealth
 15242 | Lair:5   | Reached skill level 5 in Dodging
 15841 | D:11     | Reached skill level 1 in Conjurations
 15901 | D:11     | Reached skill level 5 in Summonings
 16714 | D:12     | Reached XP level 14. HP: 72/77 MP: 28/31
 16880 | D:12     | Found a staircase to the Orcish Mines.
 16989 | D:12     | Reached skill level 1 in Air Magic
 17026 | D:12     | You fall into a shaft and drop 3 floors!
 17026 | D:15     | Entered Level 15 of the Dungeon
 18037 | D:14     | Mangled by a +4 long sword

Illustrated notes

Levels and vault maps discovered:
D:1:      dpeg_arrival_boxes_within_box, layout_basic, serial_corexii_hall,
          corexii_hall_statues_t, corexii_hall_statues_t, minivault_11
D:2:      layout_loops_cross, uniq_jessica
D:3:      layout_loops_ring, evilmike_ruin_ashenzari,
          mainiacjoe_overflow_alcove_1, shapermc_ecumenical_altar_venn
D:4:      layout_loops_ring, mainiacjoe_overflow_boulevard,
          minmay_temple_entry_overgrown, gup_sewer_entry_bowl,
          kennysheep_flooded_box, dk_rats_in_the_wall
D:5:      layout_loops_ring
D:6:      layout_cave_pools, serial_shops, shop
D:7:      layout_basic, lemuel_blue_sif_altar, lemuel_doored_altar,
          st_stairs_11, uniq_pikel, uniq_menkaure
D:8:      layout_gridville, gup_ossuary_entry_pyramid, minmay_misc_feat_x,
          minivault_25, hangedman_feature_mirror, uniq_joseph, uniq_psyche
D:9:      layout_roguey, mainiacjoe_overflow_paths, slow_altar_1,
          grunt_temple_overflow_diamond
D:10:     layout_cave_pools, nicolae_yredelemnul_corpse_copse, trog_book,
          lair_entry_dummy
D:11:     minmay_chambers_of_sixes, layout_cave_pools
D:12:     layout_irregular_city, david_orc_4, nicolae_trove_entry_diagonal,
          uniq_sonja, uniq_azrael
D:14:     layout_rooms, erik_vaults_1, nicolae_eternal_life,
          gammafunk_ghost_wrathful_warriors
D:15:     gammafunk_enter_depths_forms, layout_basic, solitary_fountain
Temple:   hellmonk_temple_rainy
Lair:1:   layout_misc_corridors, grunt_megastairs_4
Lair:2:   layout_long_grid, nicolae_swamp_entry_splash_gauntlet,
          ebering_ghost_rock_garden, grunt_forest_large_clearings
Lair:3:   layout_loops_ring, guppyfry_snake_entry_island, uniq_snorg
Lair:4:   gammafunk_indiana_jones, layout_long_grid,
          minmay_slime_entry_oklob_enclosed, grunt_megastairs_2,
          lemuel_fruit_fields
Lair:5:   hellmonk_lair_end_abyssal_woods, layout_gridlike, serial_bayou,
          serial_bayou_pond_c, serial_bayou_ford_a, serial_bayou_pond_e,
          serial_bayou_lake_a, minmay_stone_trees_small, worms_lemuel

Skill      XL: |  1  2  3  4  5  6  7  8  9 10 11 12 13 14 |
---------------+-------------------------------------------+-----
Ranged Weapons | 6 7 8 9 11 13 15 17 19 21 22 | 22.0
Spellcasting   | 4 5 7 8 10 11 | 11.5
Fighting       | 2 3 4 5 7 9 |  9.8
Stealth        | 2 3 4 5 |  5.1
Dodging        | 3 4 5 |  5.7
Hexes          | 4 6 |  6.5
Summonings     | 3 5 8 |  8.2
Armour         | 2 3 |  3.7
Conjurations   | 2 4 |  4.2
Air Magic      | 2 |  2.4

Action                     |  1- 3 |  4- 6 |  7- 9 | 10-12 | 13-15 || total
---------------------------+-------+-------+-------+-------+-------++-------
  Melee: Long sword        |       |       |       |       |     3 ||     3
   Fire: Shortbow          |    79 |   189 |    72 |       |       ||   340
         Longbow           |       |       |   235 |   556 |   243 ||  1034
         Arbalest          |       |       |       |       |   164 ||   164
  Throw: Throwing net      |       |       |     1 |       |       ||     1
   Cast: Summon Guardian G |       |       |       |     1 |    39 ||    40
         Call Canine Famil |       |       |       |       |     7 ||     7
 Invoke: Ancestor Life: Ba |       |       |     1 |       |       ||     1
         Recall Ancestor   |       |       |       |     1 |     6 ||     7
    Use: Scroll            |     3 |     1 |     6 |    18 |     2 ||    30
         Potion            |       |       |       |       |     3 ||     3
 Armour: Leather armour    |    12 |    19 |    17 |     3 |       ||    51
         Acid dragon scale |       |       |       |    36 |       ||    36
         Troll leather arm |       |       |       |     5 |    24 ||    29
  Dodge: Dodged            |    60 |    68 |    52 |    63 |    74 ||   317

Table legend: (Time is in decaauts)
 A = Elapsed time spent in this place.
 B = Non-inter-level travel time spent in this place.
 C = Inter-level travel time spent in this place.
 D = Time resting spent in this place.
 E = Time spent auto-exploring this place.
 F = Levels seen in this place.
 G = Mean time per level.
                   A        B        C        D        E       F      G
               +--------+--------+--------+--------+--------+-----+--------+
         Total |  17927 |  16891 |   1036 |   2500 |  11005 |  21 |  853.7 |
       Dungeon |  11531 |  10961 |    570 |   1028 |   7823 |  14 |  823.6 |
        Temple |     69 |     60 |      9 |      0 |      9 |   1 |   69.0 |
          Lair |   5964 |   5508 |    456 |   1436 |   3033 |   5 | 1192.8 |
       Ossuary |    361 |    361 |      0 |     36 |    139 |   1 |  361.0 |
               +--------+--------+--------+--------+--------+-----+--------+

Top non-repeatable levels by time:
  Lair:4: 1905 daAuts
  Lair:2: 1729 daAuts
     D:1: 1252 daAuts
     D:7: 1091 daAuts
     D:4: 1080 daAuts
     D:3: 1072 daAuts
     D:8: 1021 daAuts
     D:5: 1001 daAuts
  Lair:3: 915 daAuts
  Lair:5: 812 daAuts
     D:9: 802 daAuts
    D:11: 801 daAuts
    D:10: 785 daAuts
     D:6: 647 daAuts
     D:2: 610 daAuts
